 Dungeon Crawl Stone Soup version 0.29.1-12-g30fa7ad0bf (webtiles) character file.

Game seed: 18237227380538513920

382 H0rd4k the Trooper (level 6, -5/43 HPs)
             Began as an Octopode Artificer on Jan 11, 2023.
             Was an Initiate of Gozag.
             Slain by Sigmund
             ... wielding a +0 scythe
              (12 damage)
             ... on level 5 of the Dungeon.
             The game lasted 00:04:36 (3543 turns).

H0rd4k the Trooper (Octopode Artificer)             Turns: 3543, Time: 00:04:39

Health: -5/43      AC:  3    Str: 11    XL:     6   Next: 76%
Magic:  10/10      EV: 13    Int: 16    God:    Gozag
Gold:   341        SH:  0    Dex: 12    Spells: 11/11 levels left

rFire   x . .      SeeInvis .     - Unarmed
rCold   + + .      Faith    .   (no shield)
rNeg    . . .      Spirit   .   j - +2 hat
rPois   .          Reflect  .   n - amulet of magic regeneration
rElec   .          Harm     .   i - ring of protection from cold
rCorr   .          Rampage  .   t - ring of ice
Will    .....                   (no ring)
Stlth   +++.......              (no ring)
HPRegen 0.14/turn               (no ring)
MPRegen 0.52/turn               (no ring)
                                (no ring)
                                (no ring)

@: gold aura
A: almost no armour, amphibious, 8 rings, camouflage 1, gelatinous body 1,
(nimble swimmer 1), tentacles
a: Renounce Religion, Potion Petition, Call Merchant, Bribe Branch


You were on level 5 of the Dungeon.
You worshipped Gozag.
Gozag was aware of your devotion.
You visited 1 branch of the dungeon, and saw 5 of its levels.

You collected 416 gold pieces.
You paid 75 gold pieces to Gozag.

Inventory:

Armour
 j - a +2 hat (worn)
 s - an orb of mayhem
 x - an orb of wrath
Magical Staves
 f - a staff of poison
Jewellery
 i - a ring of protection from cold (left tentacle)
 n - an amulet of magic regeneration (around mantle)
 t - a ring of ice (right tentacle)
Wands
 b - a wand of flame (4) (quivered)
 c - a wand of charming (5)
 u - a wand of polymorph (8)
Scrolls
 e - a scroll of silence {unknown}
 g - 3 scrolls of identify {unknown}
 h - a scroll of fog {unknown}
 k - 2 scrolls of magic mapping {unknown}
 l - 2 scrolls of vulnerability {unknown}
 m - a scroll of noise {unknown}
 v - a scroll of enchant weapon {unknown}
 w - a scroll of teleportation {unknown}
Potions
 a - 2 potions of mutation {unknown}
 d - a potion of might {unknown}
 o - 3 potions of curing {unknown}
 p - 2 potions of degeneration {unknown}
 q - a potion of brilliance {unknown}
 r - a potion of attraction {unknown}


   Skills:
 * Level 3.8 Fighting
 - Level 2.3 Dodging
 - Level 1.3 Stealth
 + Level 3.7 Unarmed Combat
 * Level 3.1 Spellcasting
 - Level 3.2 Evocations


You had 11 spell levels left.
You didn't know any spells.
Your spell library contained the following spells:

 Spells                   Type           Power      Damage    Failure   Level
 Magic Dart               Conj           8%         1d3       19%         1
 Poisonous Vapours        Pois/Air       4%         N/A       28%         2
 Scorch                   Fire           4%         2d5       28%         2
 Searing Ray              Conj           4%         2d4       28%         2
 Flame Wave               Conj/Fire      2%         2d4       88%         4
 Fulminant Prism          Conj/Hex       1%         3d6       88%         4
 Summon Cactus Giant      Summ           1%         N/A       100%        6
 Corpse Rot               Necr/Pois/Air  Unusable   N/A       N/A         4

Dungeon Overview and Level Annotations

Branches:
Dungeon (5/15)
 Temple: D:4-7

Altars:
Gozag
Vehumet
Zin

Annotations:
D:2 exclusion: downstairs
D:3 exclusion: black bear
D:5 Sigmund


Innate Abilities, Weirdness & Mutations

You cannot wear most types of armour.
You are amphibious.
You can wear up to eight rings at the same time.
Your skin changes colour to match your surroundings (Stealth+).
Your rubbery body absorbs attacks. (AC +1, EV +1)
((You are camouflaged when in or above water. (Stealth+)))
You have tentacles for arms and can constrict up to eight enemies at once.


Message History

You constrict the orc priest, but do no damage.
The orc hits you with a +0 falchion. The orc priest misses you.
Sigmund mumbles some strange words.
Sigmund flickers and vanishes!
Deactivating autopickup; reactivate with Ctrl-A.
The howler monkey hoots and howls with incredible vigour!
Aiming: Charm
Press: ? - help, Shift-Dir - straight line, f - orc priest
Aim: an orc priest, wielding a +0 falchion and wearing a +0 ring mail (constricted by you, chance to affect: 57%)
The orc priest is charmed.
You release your grip on your orc priest.
The orc hits you with a +0 falchion. Something hits you.
The orc barely misses your orc priest.
You tentacle-slap the orc. Your grab misses the orc.
The orc is almost dead.
The orc hits you with a +0 falchion.
The orc completely misses your orc priest.
Something hits you!
You tentacle-slap the orc but do no damage.
You grab the orc.
The orc is almost dead.
You constrict the orc.
You kill the orc!
The orc hits your orc priest with a +0 flail!
Your orc priest barely misses the orc.
You tentacle-slap the orc. You grab the orc. You squeeze the orc.
The orc is severely wounded.
You constrict the orc.
A hound comes into view.
The orc hits you with a +0 dagger. The orc barely misses your orc priest.
Something hits you!
* * * LOW HITPOINT WARNING * * *
Your orc priest hits the orc with a +0 falchion.
You release your grip on the orc.
The orc hits you but does no damage.
Your orc priest hits the orc with a +0 falchion.
The orc hits your orc priest with a +0 flail.
The howler monkey hoots and howls with incredible vigour!
Something hits you!
You die...
Your body crumbles into a pile of gold.

### #..
#o# #o#
#@#
##oh.....
{#.....
.# ..h.
.# ... .#
.. .+ .
.#


You could see a howler monkey (catching breath), a hound (wandering), 2 orcs and
a friendly orc priest (charmed).

Vanquished Creatures
  An ogre (D:4)
  A scorpion (D:4)
  Ijyb (D:3)
  An iguana (D:4)
  An orc wizard (D:4)
  A gnoll (D:2)
  4 adders
  7 orcs
  2 endoplasms
  5 goblins
  3 hobgoblins
  2 jackals (D:1)
  3 kobolds
  2 quokkas
  6 ball pythons
  A bat (D:1)
  3 frilled lizards
  2 rats
46 creatures vanquished.

Vanquished Creatures (collateral kills)
  An ogre (D:4)
  2 gnolls (D:2)
  2 orcs (D:4)
  A giant cockroach (D:2)
  A goblin (D:2)
  A jackal (D:2)
  A rat (D:2)
9 creatures vanquished.

Vanquished Creatures (others)
  An orc wizard (D:4)
  A jackal (D:2)
  6 fungi (D:4)
8 creatures vanquished.

Grand Total: 63 creatures vanquished

Notes
Turn   | Place    | Note
-------+----------+-------------------------------------------
     0 | D:1      | H0rd4k the Octopode Artificer began the quest for the Orb.
     0 | D:1      | Reached XP level 1. HP: 13/13 MP: 1/1
   266 | D:1      | Reached XP level 2. HP: 15/19 MP: 2/2
   769 | D:2      | Reached skill level 1 in Spellcasting
   773 | D:2      | Found a radiant altar of Vehumet.
   923 | D:2      | Reached XP level 3. HP: 24/24 MP: 4/4
   941 | D:2      | Found a faded altar of an unknown god.
  1085 | D:2      | Reached skill level 1 in Unarmed Combat
  1085 | D:2      | Reached XP level 4. HP: 30/30 MP: 6/6
  1251 | D:3      | Noticed Ijyb
  1260 | D:3      | Killed Ijyb
  1266 | D:3      | Noticed a black bear
  2161 | D:3      | Found a glowing silver altar of Zin.
  2161 | D:3      | Found an opulent altar of Gozag.
  2171 | D:3      | Reached XP level 5. HP: 36/36 MP: 8/8
  2171 | D:3      | Became a worshipper of Gozag Ym Sagoz the Greedy
  2474 | D:4      | Noticed an ogre
  3022 | D:4      | Noticed an ogre
  3057 | D:4      | Killed an ogre
  3058 | D:4      | Reached XP level 6. HP: 24/42 MP: 8/10
  3535 | D:5      | Entered Level 5 of the Dungeon
  3537 | D:5      | Noticed Sigmund
  3543 | D:5      | Slain by Sigmund

Illustrated notes

Levels and vault maps discovered:
D:1:      roderic_dead_forest, layout_rooms
D:2:      layout_basic, basic_altar, ebering_ecumenical_altar_box
D:3:      layout_basic, grunt_temple_overflow_gold_and_silver, dk_vineyard_3,
          uniq_ijyb
D:4:      layout_loops_ring, dreamdust_mushroom_princess
D:5:      layout_basic, grunt_decor_arrowhead, hangedman_abyss_or_decor_stagger,
          kennysheep_pointless_box, uniq_sigmund

Skill      XL: |  1  2  3  4  5  6 |
---------------+-------------------+-----
Spellcasting   | 1 2 3 |  3.1
Fighting       | 2 3 |  3.8
Unarmed Combat | 1 3 |  3.7
Dodging        | |  2.3
Stealth        | |  1.3
Evocations     | |  3.2

Action                   |  1- 3 |  4- 6 || total
-------------------------+-------+-------++-------
Melee: Unarmed           |    49 |    84 ||   133
       Constrict         |    12 |    25 ||    37
       Tentacles         |    16 |    25 ||    41
       Punch             |       |     1 ||     1
Evoke: Wand              |     6 |    20 ||    26
 Stab: Sleeping          |     6 |     6 ||    12
Armor: Skin              |     8 |    10 ||    18
Dodge: Dodged            |    36 |    47 ||    83
